 Dungeon Sprint DCSS version 0.28-a0-883-gc8d7bad45d (webtiles) character file.

Game seed: 7393225761015419054

263 mhtbhm the Protected (level 5, -7/53 HPs)
             Began as a Minotaur Fighter on Nov 21, 2021.
             Was an Initiate of Gozag.
             Mangled by a two-headed ogre (8 damage)
             ... in the Dungeon (Sprint IX: "|||||||||||||||||||||||||||||").
             The game lasted 00:01:22 (211 turns).

mhtbhm the Protected (Minotaur Fighter)              Turns: 211, Time: 00:01:23

Health: -7/53      AC: 12    Str: 21    XL:     5   Next: 97%
Magic:  4/4        EV:  8    Int:  8    God:    Gozag
Gold:   0          SH:  6    Dex: 13    Spells: 4/4 levels left

rFire   . . .      SeeInvis .   a - +0 flail
rCold   . . .      Faith    .   c - +0 buckler
rNeg    . . .      Spirit   .   b - +1 chain mail
rPois   .          Reflect  .   (helmet restricted)
rElec   .          Harm     .   (no cloak)
rCorr   .          Rampage  .   (no gloves)
Will    .....      NoTele   +   (no boots)
Stlth   ..........              (no amulet)
HPRegen 0.17/turn               m - +3 ring of dexterity
MPRegen 0.09/turn               n - +3 ring of intelligence

@: mighty, gold aura, slowed, invisible, very slow
A: horns 2, retaliatory headbutt
a: Renounce Religion, Potion Petition, Call Merchant, Bribe Branch


You were in the Dungeon.
You worshipped Gozag.
Gozag was noncommittal.
You visited 1 branch

Inventory:

Hand Weapons
 a - a +0 flail (weapon)
Armour
 b - a +1 chain mail (worn)
 c - a +0 buckler (worn)
Jewellery
 m - a +3 ring of dexterity (left hand)
 n - a +3 ring of intelligence (right hand)
Wands
 l - a wand of acid (8)
Scrolls
 j - 2 scrolls of blinking
 k - 2 scrolls of amnesia
Potions
 e - 5 potions of curing
 g - a potion of haste
 h - 4 potions of magic
 i - a potion of heal wounds


   Skills:
 + Level 8.1 Fighting
 + Level 7.8 Maces & Flails
 + Level 8.9 Armour
 + Level 1.9 Dodging
 + Level 0.3 Stealth
 + Level 7.3 Shields


You had 4 spell levels left.
You didn't know any spells.
Your spell library was empty.

Dungeon Overview and Level Annotations

Branches:
Dungeon (1/1)

Altars:
Cheibriados
Dithmenos
Elyvilon
Fedhas
Gozag
Hepliaklqana
Kikubaaqudgha
Makhleb
Nemelex Xobeh
Okawaru
Qazlal
Ru
Sif Muna
Trog
Uskayaw
Vehumet
Wu Jian
Xom
Yredelemnul
Zin
The Shining One
Beogh
Jiyva
Lugonu


Innate Abilities, Weirdness & Mutations

You have a pair of horns on your head.
You reflexively headbutt those who attack you in melee.


Message History

The two-headed ogre shouts in stereo!
The bolt of acid hits the howler monkey!
The howler monkey is severely wounded.
The bolt of acid hits something!
The acid corrodes something!
The bolt of acid hits the kobold demonologist.
The acid corrodes the kobold demonologist!
The kobold demonologist is lightly wounded.
The ynoxinul disappears in a puff of smoke!
The howler monkey hoots and howls with incredible vigour!
A magic dart appears from out of thin air!
The magic dart hits the howler monkey!
The howler monkey dies!
The two-headed ogre hits you with a +0 giant club.
The two-headed ogre barely misses you.
You hear an angry buzzing noise.
Aiming: Corrosive Bolt
Press: ? - help, Shift-Dir - straight line, f/p - two-headed ogre
Aim: a two-headed ogre, wielding two +0 giant clubs (lightly wounded, 86% to hit)
The bolt of acid hits the two-headed ogre!
The two-headed ogre is heavily wounded.
The bolt of acid hits something!!
Something seems to be corroded for longer.
Reactivating autopickup.
You feel a bit more experienced.
The bolt of acid hits the kobold demonologist!
The kobold demonologist is moderately wounded.
The two-headed ogre hits you with a +0 giant club!
* * * LOW HITPOINT WARNING * * *
The two-headed ogre hits you with a +0 giant club!
* * * LOW HITPOINT WARNING * * *
Your Fighting skill increases to level 8!
Unknown command.
Unknown command.
You catch the helpless two-headed ogre completely off-guard!
You sock the two-headed ogre! You headbutt the two-headed ogre!
The two-headed ogre is severely wounded.
The two-headed ogre barely misses you.
The two-headed ogre hits you with a +0 giant club!
You die...
Your body crumbles into a pile of gold.

▓.▓
$
▓.▓
$
▓)▓
$
▓.▓
$
▓[▓
▓[▓
$
▓.▓
▓.▓
$
▓@▓
▓O▓
$ $
▓$▓
▓K▓
$
▓$▓
$
▓Y▓
$ $
▓.▓
$
▓.▓
$


You could see a two-headed ogre, a kobold demonologist (corroded) and a yak.

Vanquished Creatures
  A wraith (D)
  An iguana (D)
  2 orc wizards (D)
  An adder zombie (D)
  An adder skeleton (D)
  An orc (D)
  A goblin (D)
  A hobgoblin (D)
  2 ball pythons (D)
  A frilled lizard (D)
12 creatures vanquished.

Vanquished Creatures (others)
  A howler monkey (D)
1 creature vanquished.

Grand Total: 13 creatures vanquished

Notes
Turn   | Place    | Note
-------+----------+-------------------------------------------
     0 | D        | mhtbhm the Minotaur Fighter began the quest for the Orb.
     0 | D        | Reached XP level 1. HP: 19/19 MP: 0/0
    46 | D        | Noticed an iguana
    46 | D        | Noticed an orc wizard
    52 | D        | Killed an iguana
    53 | D        | Reached skill level 5 in Fighting
    53 | D        | Reached skill level 5 in Armour
    53 | D        | Reached skill level 5 in Shields
    53 | D        | Reached XP level 2. HP: 9/29 MP: 1/1
    53 | D        | Reached XP level 3. HP: 11/36 MP: 2/2
   120 | D        | Found a snail-covered altar of Cheibriados.
   120 | D        | Found a shadowy altar of Dithmenos.
   120 | D        | Found a white marble altar of Elyvilon.
   120 | D        | Found a blossoming altar of Fedhas.
   120 | D        | Found an opulent altar of Gozag.
   121 | D        | Found a hazy altar of Hepliaklqana.
   122 | D        | Found a viscous altar of Jiyva.
   123 | D        | Found an ancient bone altar of Kikubaaqudgha.
   124 | D        | Found a corrupted altar of Lugonu.
   125 | D        | Found a burning altar of Makhleb.
   126 | D        | Found a sparkling altar of Nemelex Xobeh.
   127 | D        | Found an iron altar of Okawaru.
   128 | D        | Found a stormy altar of Qazlal.
   129 | D        | Found a sacrificial altar of Ru.
   130 | D        | Found a shimmering blue altar of Sif Muna.
   131 | D        | Found a bloodstained altar of Trog.
   132 | D        | Found a hide-covered altar of Uskayaw.
   144 | D        | Became a worshipper of Gozag Ym Sagoz the Greedy
   150 | D        | Found a radiant altar of Vehumet.
   151 | D        | Found an ornate altar of the Wu Jian Council.
   152 | D        | Found a shimmering altar of Xom.
   153 | D        | Found a basalt altar of Yredelemnul.
   154 | D        | Found a glowing silver altar of Zin.
   155 | D        | Found a glowing golden altar of the Shining One.
   196 | D        | Noticed a wraith
   196 | D        | Noticed a two-headed ogre
   196 | D        | Noticed a kobold demonologist
   196 | D        | Noticed a yak
   200 | D        | Noticed a ynoxinul
   208 | D        | Killed a wraith
   209 | D        | Reached skill level 1 in Dodging
   209 | D        | Reached XP level 4. HP: 27/48 MP: 3/3
   209 | D        | Reached XP level 5. HP: 30/53 MP: 4/4
   210 | D        | HP: 1/53 [two-headed ogre (8)]
   211 | D        | Mangled by a two-headed ogre

Illustrated notes

Levels and vault maps discovered:
D:        linesprint [early_d, line_temple, items_1, d_10, items_2, lair_1,
          lair_end, items_3, orc_1, orc_end, items_4, d_15, swamp_1, shoals_1,
          snake_1, spider_1, d_20, vaults_1, items_5, swamp_end, shoals_end,
          snake_end, spider_end, vaults_end, d_27, items_6, zot_1, zot_end,
          crypt_end, forest_end, elf_end, slime_end, tomb_end, abyss_end,
          pan_hell_end]

Skill      XL: |  1  2  3  4  5 |
---------------+----------------+-----
Fighting       | 5 7 8 |  8.1
Armour         | 5 8 |  8.9
Shields        | 5 7 |  7.3
Maces & Flails | 3 7 |  7.8
Dodging        | 1 |  1.9
Stealth        | |  0.3

Action                   |  1- 3 |  4- 6 || total
-------------------------+-------+-------++-------
Melee: Flail             |    45 |     1 ||    46
       Headbutt          |     6 |     1 ||     7
Evoke: Wand              |       |     2 ||     2
  Use: Potion            |     5 |       ||     5
 Stab: Invisible         |       |     1 ||     1
Armor: Scale mail        |    13 |       ||    13
       Chain mail        |     3 |       ||     3
Dodge: Dodged            |     9 |     2 ||    11
Block: Buckler           |     7 |       ||     7

Table legend: (Time is in decaauts)
 A = Elapsed time spent in this place.
 B = Non-inter-level travel time spent in this place.
 C = Inter-level travel time spent in this place.
 D = Time resting spent in this place.
 E = Time spent auto-exploring this place.
 F = Levels seen in this place.
 G = Mean time per level.
                   A        B        C        D        E       F      G
               +--------+--------+--------+--------+--------+-----+--------+
         Total |    227 |    227 |      0 |     65 |      3 |   1 |  227.0 |
       Dungeon |    227 |    227 |      0 |     65 |      3 |   1 |  227.0 |
               +--------+--------+--------+--------+--------+-----+--------+

Top non-repeatable levels by time:
       D: 227 daAuts
